 Dungeon Crawl Stone Soup version 0.19-a0-981-gaae9137 (webtiles) character file.

11183 Rainbowgamer28 the Basher (level 11, -3/151 HPs)
             Began as a Minotaur Wanderer on July 14, 2016.
             Was a High Priest of Trog.
             Slain by an unseen horror (4 damage)
             ... on level 11 of the Dungeon.
             The game lasted 00:59:57 (10649 turns).

Rainbowgamer28 the Basher (Minotaur Wanderer)      Turns: 10649, Time: 00:59:58

Health: -3/151     AC: 16    Str: 29    XL:     11   Next: 46%
Magic:  4/4        EV: 14    Int:  4    God:    Trog [*****.]
Gold:   548        SH:  0    Dex:  9    Spells: 0 memorised, 10 levels left

rFire  . . .     SeeInvis .     X - +2 great mace (antimagic)
rCold  . . .     Gourm    .     V - quicksilver dragon armour
rNeg   . . .     Faith    +     (shield currently unavailable)
rPois  .         Spirit   .     (helmet restricted)
rElec  .         Dismiss  .     (no cloak)
rCorr  .         Reflect  .     C - +1 pair of gloves
SustAt .         Harm     .     K - +0 pair of boots
MR     ++...                    z - amulet of faith
Stlth  ..........               v - ring of protection from magic
                                H - ring of flight

@: berserking (expiring), very quick, very resistant to hostile enchantments,
extremely unstealthy
A: retaliatory headbutt, hooves 2, horns 2, dopey 1
a: Berserk, Trog's Hand, Brothers in Arms, Burn Spellbooks, Renounce Religion,
Evoke Flight


You were on level 11 of the Dungeon.
You worshipped Trog.
Trog was extremely pleased with you.
You were not hungry.

You visited 1 branch of the dungeon, and saw 11 of its levels.
You also visited: Ossuary.

You collected 821 gold pieces.
You spent 273 gold pieces at shops.

Inventory:

Hand Weapons
 h - a +1 whip of electrocution
 X - a +2 antimagic great mace (weapon)
Missiles
 e - 2 tomahawks of dispersal (quivered)
Armour
 y - a +0 shield
 C - a +1 pair of gloves (worn)
 D - the +2 leather armour of Hisah {rN+ Stlth+}
   (You found it on level 5 of the Dungeon)

   It protects you from negative energy.
   It makes you more stealthy.
 K - a +0 pair of boots (worn)
 R - the +1 leather armour "Rolilikh" {rElec rF+}
   (You found it on level 7 of the Dungeon)

   It protects you from fire.
   It insulates you from electricity.
 V - a quicksilver dragon armour (worn)
Jewellery
 a - an uncursed ring of magical power
 l - a +5 amulet of reflection
 s - an uncursed ring of protection from cold
 v - a ring of protection from magic (right hand)
 z - an amulet of faith (around neck)
 H - a ring of flight (left hand)
 J - an uncursed ring of protection from fire
 L - an uncursed ring of protection from magic
 M - an uncursed ring of resist corrosion
 Q - a +3 amulet of reflection
 S - a +4 ring of protection
Wands
 g - a wand of disintegration (15/24)
 j - a wand of digging (17/24)
 k - a wand of lightning (4/15)
 m - a wand of confusion (19/48)
 o - a wand of lightning (6/15)
 r - a wand of flame (16/48)
 F - a wand of disintegration (12/24)
 P - a wand of teleportation (3/9)
 T - a wand of enslavement (19/24)
Scrolls
 f - 4 scrolls of teleportation
 n - 5 scrolls of identify
 p - a scroll of magic mapping
 w - 2 scrolls of enchant armour
 A - 2 scrolls of remove curse
 E - 2 scrolls of fog
 Y - a scroll of recharging
Potions
 b - 3 potions of lignification
 i - a potion of curing
 q - a potion of cancellation
 t - 2 potions of heal wounds
 u - a potion of flight
 G - a potion of brilliance
 N - a potion of berserk rage
 O - a potion of might
 W - a potion of haste
 Z - a potion of resistance
Comestibles
 c - 4 fruits
 d - 11 bread rations
 x - 3 beef jerkies
 B - 9 meat rations
 I - 9 slices of pizza
 U - 4 chunks of flesh


   Skills:
 - Level 10.7 Fighting
   Level 1.1 Short Blades
   Level 1.2(8.4) Axes
 + Level 12.7 Maces & Flails
 - Level 1.0 Throwing
 - Level 8.3 Armour
 - Level 7.0 Dodging
 - Level 7.8 Shields
 - Level 4.2 Evocations


You had 10 spell levels left.
You didn't know any spells.

Dungeon Overview and Level Annotations

Branches:
Dungeon (11/15)            Temple (0/1) D:6
   Lair: D:8-11         Orc: D:9-12

Altars:
Hepliaklqana
Kikubaaqudgha
Nemelex Xobeh
Okawaru
Ru
Trog

Shops:
D:6 %   D:11 *


Innate Abilities, Weirdness & Mutations

You reflexively headbutt those who attack you in melee.
You have a pair of horns on your head.
You have hoof-like feet.
You are dopey. (Int -2)


Message History

You closely miss the orc. Your headbutt misses the orc.
Something hits you but does no damage. The orc closely misses you.
You furiously retaliate!
You headbutt the orc!
You kill the orc!
Trog accepts your kill.
The orc moves out of view.
Something hits you.
* * * LOW HITPOINT WARNING * * *
Things that are here:
a war axe; a plate armour You bludgeon the orc!!
You feel the power of Trog in you as your rage grows.
You kill the orc!
Trog accepts your kill. Something hits you but does no damage.
The orc closely misses you. You furiously retaliate!
You headbutt the orc!
You kill the orc!
Trog accepts your kill. Something hits you.
You die...

......# ..# # ......#
. ......# . . #######
.> .. . ... ... ... #
############.... ... .
................ .....
. ...............
..... # #...@)......
...> #..)######## #..
#...# #.. #..)# #..
#############...######
###..
......................
.....
..........############
..... #######...#
.#### #...# #


There were no monsters in sight!

Vanquished Creatures
  A hydra (D:9)
  The ghost of Xiguana the Ruffian, a novice NaTm (D:6)
  The ghost of ololoev the Spear-Bearer, a novice MfIE of Okawaru (D:7)
  4 hill giants
  2 ugly things
  A troll (D:10)
  A two-headed ogre (D:11)
  A yak (D:11)
  A wyvern (D:9)
  A human (D:11)
  A hungry ghost (D:11)
  A hippogriff (D:8)
  The ghost of Borgoz the Insei, an amateur DsTm (D:3)
  Grum (D:10)
  Menkaure (D:4)
  Duvessa (D:6)
  3 ice beasts
  5 orc warriors
  2 phantoms
  A sky beast (D:7)
  2 centaurs
  4 wolves (D:10)
  2 ogres (D:8)
  A crocodile (D:11)
  A big kobold (D:10)
  10 giant frogs
  Dowan (D:6)
  4 scorpions
  A water moccasin skeleton (D:6)
  9 wights (D:8)
  3 howler monkeys
  5 crimson imps
  A centaur zombie (D:8)
  A quasit (D:8)
  A centaur skeleton (D:9)
  A giant frog zombie (D:10)
  7 hounds
  6 orc wizards
  7 orc priests
  A giant frog skeleton (D:5)
  Ijyb (D:2)
  3 iguanas
  4 worker ants
  3 sheep (D:11)
  5 big kobold zombies (Ossuary)
  The ghost of 4thArraOfDagon the Digger, a weakling KoEE (D:5)
  2 hound skeletons
  A mummy (Ossuary)
  Robin (D:2)
  A worker ant zombie (D:7)
  8 adders
  A howler monkey skeleton (D:7)
  3 river rats (D:11)
  An ooze (D:3)
  An adder zombie (D:4)
  An adder skeleton (D:8)
  5 worms
  5 giant geckos
  35 orcs
  2 spectral bats (Ossuary)
  10 giant cockroaches
  7 gnoll zombies (Ossuary)
  14 goblins
  10 hobgoblins
  7 jackals
  8 kobolds
  7 quokkas
  17 bats
  2 bat simulacra (Ossuary)
  3 giant newts
  3 goblin simulacra (Ossuary)
  6 goblin zombies (Ossuary)
  2 hobgoblin zombies (Ossuary)
  4 kobold simulacra (Ossuary)
  3 kobold zombies (Ossuary)
  7 orc zombies (Ossuary)
  A quokka skeleton (D:7)
  22 rats
  4 rat simulacra (Ossuary)
  5 rat zombies (D:5)
  2 spectral goblins (Ossuary)
  4 spectral kobolds (Ossuary)
  4 spectral rats (Ossuary)
335 creatures vanquished.

Vanquished Creatures (collateral kills)
  Sonja (D:10)
  An ice beast (D:10)
  A centaur (D:10)
3 creatures vanquished.

Vanquished Creatures (others)
  A fungus (D:11)
1 creature vanquished.

Grand Total: 339 creatures vanquished

Notes
Turn   | Place    | Note
-------+----------+-------------------------------------------
     0 | D:1      | Rainbowgamer28 the Minotaur Wanderer began the quest for the Orb.
     0 | D:1      | Rainbowgamer28 set off with: a +2 short sword, 2 potions of lignification, a +0 robe, a bread ration
     0 | D:1      | Reached XP level 1. HP: 22/22 MP: 0/0
     8 | D:1      | Reached skill level 5 in Fighting
    90 | D:1      | Reached XP level 2. HP: 28/29 MP: 1/1
   677 | D:2      | Reached XP level 3. HP: 26/37 MP: 2/2
   811 | D:2      | Noticed Robin
   881 | D:2      | Noticed Ijyb
   890 | D:2      | Killed Ijyb
  1065 | D:2      | Reached XP level 4. HP: 45/45 MP: 3/3
  1076 | D:2      | Killed Robin
  1796 | D:2      | Found a bloodstained altar of Trog.
  1803 | D:2      | Became a worshipper of Trog the Wrathful
  2161 | D:3      | Reached skill level 1 in Maces & Flails
  2381 | D:3      | Reached * piety under Trog
  2447 | D:3      | Noticed Borgoz's ghost (amateur DsTm)
  2458 | D:3      | Killed Borgoz's ghost
  2458 | D:3      | Reached skill level 4 in Maces & Flails
  2458 | D:3      | Reached XP level 5. HP: 52/52 MP: 4/4
  2496 | D:3      | Reached XP level 6. HP: 55/60 MP: 5/5
  2721 | D:4      | Reached skill level 5 in Maces & Flails
  2739 | D:4      | Noticed Menkaure
  2877 | D:4      | Killed Menkaure
  2877 | D:4      | Reached skill level 6 in Maces & Flails
  2970 | D:4      | Reached skill level 7 in Maces & Flails
  2970 | D:4      | Reached XP level 7. HP: 63/66 MP: 6/6
  3613 | D:5      | Entered Level 5 of the Dungeon
  3641 | D:5      | Reached skill level 8 in Maces & Flails
  3876 | D:5      | Got a steaming leather armour
  3887 | D:5      | Identified the +2 leather armour of Hisah {rN+ Stlth+} (You found it on level 5 of the Dungeon)
  3996 | D:5      | Found an ancient bone altar of Kikubaaqudgha.
  4090 | D:5      | Reached skill level 9 in Maces & Flails
  4164 | D:5      | Reached ** piety under Trog
  4287 | D:5      | Noticed 4thArraOfDagon's ghost (weakling KoEE)
  4303 | D:5      | Killed 4thArraOfDagon's ghost
  4484 | D:6      | Found a hazy altar of Hepliaklqana.
  4492 | D:6      | Noticed Xiguana's ghost (novice NaTm)
  4504 | D:6      | Killed Xiguana's ghost
  4504 | D:6      | Reached skill level 11 in Maces & Flails
  4504 | D:6      | Reached XP level 8. HP: 73/73 MP: 7/7
  4531 | D:6      | Found Ras Dacu's Food Boutique.
  4788 | D:6      | Found a staircase to the Ecumenical Temple.
  4808 | D:6      | Found a sand-covered staircase.
  4813 | Ossuary  | Entered an ossuary
  5254 | D:6      | Noticed Duvessa
  5254 | D:6      | Noticed Dowan
  5263 | D:6      | Killed Duvessa
  5263 | D:6      | Reached XP level 9. HP: 82/82 MP: 8/8
  5265 | D:6      | Killed Dowan
  5771 | D:7      | Noticed ololoev's ghost (novice MfIE)
  5779 | D:7      | Killed ololoev's ghost
  6017 | D:7      | Got a faintly humming leather armour
  6028 | D:7      | Identified the +1 leather armour "Rolilikh" {rElec rF+} (You found it on level 7 of the Dungeon)
  6304 | D:7      | Reached *** piety under Trog
  7034 | D:8      | Reached skill level 1 in Dodging
  7052 | D:8      | Reached XP level 10. HP: 91/91 MP: 12/12
  7144 | D:8      | Found a sacrificial altar of Ru.
  7144 | D:8      | Found an iron altar of Okawaru.
  7490 | D:8      | Reached **** piety under Trog
  7642 | D:9      | Reached skill level 5 in Dodging
  7864 | D:9      | Noticed a four-headed hydra
  7876 | D:9      | Killed a four-headed hydra
  8186 | D:9      | Reached skill level 1 in Shields
  8440 | D:9      | Found a sparkling altar of Nemelex Xobeh.
  8663 | D:9      | Received a gift from Trog
  8809 | D:10     | Entered Level 10 of the Dungeon
  9131 | D:10     | Noticed a hill giant
  9140 | D:10     | Killed a hill giant
  9140 | D:10     | Reached skill level 5 in Shields
  9271 | D:10     | Noticed a hill giant
  9279 | D:10     | Killed a hill giant
  9331 | D:10     | Noticed Grum
  9342 | D:10     | Reached ***** piety under Trog
  9345 | D:10     | Killed Grum
  9345 | D:10     | Reached XP level 11. HP: 97/97 MP: 13/13
  9394 | D:10     | Noticed Sonja
  9400 | D:10     | Killed Sonja
  9808 | D:10     | Noticed a hill giant
  9816 | D:10     | Killed a hill giant
  9816 | D:10     | Reached skill level 10 in Fighting
  9915 | D:10     | Noticed a brown ugly thing
  9936 | D:10     | Killed a brown ugly thing
  9942 | D:10     | Gained mutation: You have large cloven feet. [mutagenic meat]
 10088 | D:11     | Received a gift from Trog
 10287 | D:11     | Found Rkeirori's Retail Resort.
 10304 | D:11     | Bought a scroll of recharging for 133 gold pieces
 10304 | D:11     | Bought a potion of resistance for 140 gold pieces
 10333 | D:11     | Noticed a green ugly thing
 10346 | D:11     | Killed a green ugly thing
 10352 | D:11     | Gained mutation: You are dopey. (Int -2) [mutagenic meat]
 10355 | D:11     | Gained mutation: You have hoof-like feet. [mutagenic meat]
 10469 | D:11     | Reached skill level 12 in Maces & Flails
 10630 | D:11     | Noticed a hill giant
 10642 | D:11     | Killed a hill giant
 10645 | D:11     | HP: 3/151 [something (7)]
 10647 | D:11     | HP: 1/151 [something (3)]
 10649 | D:11     | Slain by an unseen horror

Vault maps used:
D:1:      dpeg_arrival_arbitrary_c
D:2:      lightli_temple_of_fire, uniq_iyjb, uniq_robin
D:3:      first_bread
D:4:      uniq_menkaure
D:5:      lemuel_zombie_altar_kikubaaqudgha
D:6:      overflow_temple_1_default, enter_ossuary_2, serial_shops,
          nicolae_shop_trees, uniq_duvessa
D:8:      gammafunk_temple_overflow_statue, small_statue_intersection
D:9:      minmay_curly_fans, nemelex_xobeh_ov_fountains_minmay
D:10:     uniq_grum, uniq_sonja
D:11:     grunt_lair_entry_orc_guard_hut, serial_shops, nicolae_shop_trees,
          grunt_livestock, nicolae_alphabet_shops, statue_in_the_mist_lemuel,
          st_stairs_11, xom_shifter_show, uniq_urug
Ossuary:  ossuary_zaba_two_paths

Skill      XL: |  1  2  3  4  5  6  7  8  9 10 11 |
---------------+----------------------------------+-----
Fighting       | 5 6 7 8 9 10 | 10.7
Maces & Flails | 4 7 11 12 | 12.7
Armour         | 3 8 |  8.3
Evocations     | 4 |  4.2
Dodging        | 1 7 |  7.0
Shields        | 7 |  7.8
Short Blades   | |  1.1
Axes           | |  1.2
Throwing       | |  1.0

Action                   |  1- 3 |  4- 6 |  7- 9 | 10-12 || total
-------------------------+-------+-------+-------+-------++-------
Melee: Dagger            |    27 |       |       |       ||    27
       Short sword       |     2 |       |       |       ||     2
       Whip              |    52 |   110 |   382 |   260 ||   804
       Headbutt          |    14 |    23 |    61 |    66 ||   164
       Great mace        |       |       |       |    76 ||    76
Throw: Throwing net      |       |       |     2 |       ||     2
       Tomahawk          |       |       |       |     6 ||     6
Invok: Berserk           |       |     2 |     4 |     8 ||    14
       Burn Spellbooks   |       |     1 |     1 |     2 ||     4
       Brothers in Arms  |       |       |       |     1 ||     1
  Use: Scroll            |       |       |    13 |     3 ||    16
       Potion            |       |       |     8 |     2 ||    10
 Stab: Sleeping          |     1 |       |     9 |       ||    10
  Eat: Chunk             |       |     7 |    17 |    23 ||    47
       Beef jerky        |       |     1 |       |       ||     1
       Fruit             |       |       |     1 |       ||     1
Armor: Robe              |     6 |       |       |       ||     6
       Ring mail         |    23 |     5 |       |       ||    28
       Chain mail        |       |    67 |    14 |    24 ||   105
       Leather armour    |       |       |    60 |     7 ||    67
       Quicksilver drago |       |       |       |    80 ||    80
Dodge: Dodged            |    44 |    48 |    74 |   127 ||   293
Block: Shield            |       |    35 |    63 |    69 ||   167
